TOP OF THE 1ST |
Pueblo Prairie Dogs batting - Pitching for Ontario Emus : RHP Alejandro Hernández
|
Pitching: RHP Alejandro Hernández
|
|
Batting: RHB António López
|
0-0: Foul Ball, location: 2F 0-1: Ball 1-1: Foul Ball, location: 2F 1-2: Strikes out swinging
|
Batting: RHB Manny Herrera
|
0-0: Foul Ball, location: 2F 0-1: DOUBLE (Flyball, 78M)
|
Batting: LHB Derrek Robinson
|
0-0: Called Strike 0-1: Ground out 1-3 (Groundball, 13S) Manny Herrera to third
|
Batting: RHB Currito Campos
|
0-0: Called Strike 0-1: Ground out 5-3 (Groundball, 56)
|
Top of the 1st over - 0 run(s), 1 hit(s), 0 error(s), 1 left on base; Pueblo 0 - Ontario 0 |
BOTTOM OF THE 1ST |
Ontario Emus batting - Pitching for Pueblo Prairie Dogs : LHP William Romero
|
Pitching: LHP William Romero
|
|
Batting: RHB Álex Ochoa
|
0-0: Ball 1-0: Ground out 6-3 (Groundball, 6)
|
Batting: RHB Ánibal Soto
|
0-0: Swinging Strike 0-1: Ball 1-1: Ball 2-1: Foul Ball, location: 2F 2-2: Strikes out swinging
|
Batting: RHB James Hunter
|
0-0: Ball 1-0: Ball 2-0: Ball 3-0: Called Strike 3-1: Fly out, F9 (Flyball, 89M)
|
Bottom of the 1st over - 0 run(s), 0 hit(s), 0 error(s), 0 left on base; Pueblo 0 - Ontario 0 |
TOP OF THE 2ND |
Pueblo Prairie Dogs batting - Pitching for Ontario Emus : RHP Alejandro Hernández
|
Batting: RHB José Zumaya
|
0-0: Ball 1-0: Foul Ball, location: 2F 1-1: DOUBLE (Flyball, 8LD)
|
Batting: RHB Carlos Rodríguez
|
0-0: Ball 1-0: Foul Ball, location: 2F 1-1: Called Strike 1-2: Foul Ball, location: 2F 1-2: Ball 2-2: Strikes out swinging
|
Batting: LHB William Romero
|
0-0: Called Strike 0-1: Swinging Strike 0-2: DOUBLE (Popup, 7S) José Zumaya scores
|
Batting: LHB Salvatorio Navegero
|
0-0: Called Strike 0-1: SINGLE (Line Drive, 8LS) William Romero to third
|
Batting: RHB Juan Guerrero
|
0-0: Ball 1-0: Called Strike 1-1: Ball 2-1: Ball 3-1: Swinging Strike 3-2: Grounds into double play, 6-4-3 (Groundball, 6)
|
Top of the 2nd over - 1 run(s), 3 hit(s), 0 error(s), 1 left on base; Pueblo 1 - Ontario 0 |
BOTTOM OF THE 2ND |
Ontario Emus batting - Pitching for Pueblo Prairie Dogs : LHP William Romero
|
Batting: RHB Gustavo Medine
|
0-0: Called Strike 0-1: Ball 1-1: Fly out, F3 (Line Drive, 3S)
|
Batting: RHB Álex Martínez
|
0-0: Ground out 6-3 (Groundball, 6M)
|
Batting: SHB Darrel Lang
|
0-0: Ball 1-0: Ground out 6-3 (Groundball, 6)
|
Bottom of the 2nd over - 0 run(s), 0 hit(s), 0 error(s), 0 left on base; Pueblo 1 - Ontario 0 |
TOP OF THE 3RD |
Pueblo Prairie Dogs batting - Pitching for Ontario Emus : RHP Alejandro Hernández
|
Batting: RHB António López
|
0-0: Ball 1-0: Called Strike 1-1: Swinging Strike 1-2: Ball 2-2: Foul Ball, location: 2F 2-2: Foul Ball, location: 2F 2-2: Ground out 5-3 (Groundball, 5)
|
Batting: RHB Manny Herrera
|
0-0: Called Strike 0-1: Ball 1-1: Foul Ball, location: 2F 1-2: Ball 2-2: Strikes out swinging
|
Batting: LHB Derrek Robinson
|
0-0: Ball 1-0: Foul Ball, location: 2F 1-1: Ball 2-1: Foul Ball, location: 2F 2-2: Ground out 2-3 (Groundball, 25)
|
Top of the 3rd over - 0 run(s), 0 hit(s), 0 error(s), 0 left on base; Pueblo 1 - Ontario 0 |
BOTTOM OF THE 3RD |
Ontario Emus batting - Pitching for Pueblo Prairie Dogs : LHP William Romero
|
Batting: RHB Albert Galindo
|
0-0: Foul Ball, location: 2F 0-1: Ball 1-1: Ball 2-1: Swinging Strike 2-2: Ball 3-2: SINGLE (Groundball, 34)
|
Batting: RHB Júlio Colón
|
0-0: Called Strike 0-1: Ball Albert Galindo steals 2nd base 1-1: Ball 2-1: Fly out, F7 (Flyball, 7LS)
|
Batting: LHB Elvin Summers
|
0-0: SINGLE (Flyball, 9LS) Albert Galindo to third Runner from 3rd tries for Home, SAFE, no throw or cutoff
|
Batting: RHB Álex Ochoa
|
0-0: Called Strike 0-1: Ball 1-1: Ball 2-1: Called Strike 2-2: Fielders Choice at 2nd, 4-6 (Groundball, 34)
|
Batting: RHB Ánibal Soto
|
0-0: Ball 1-0: Ball 2-0: Called Strike 2-1: Ball 3-1: Base on Balls Álex Ochoa to second
|
Batting: RHB James Hunter
|
0-0: Ball 1-0: Ground out 1-3 (Groundball, 15)
|
Bottom of the 3rd over - 1 run(s), 2 hit(s), 0 error(s), 2 left on base; Pueblo 1 - Ontario 1 |
TOP OF THE 4TH |
Pueblo Prairie Dogs batting - Pitching for Ontario Emus : RHP Alejandro Hernández
|
Batting: RHB Currito Campos
|
0-0: Called Strike 0-1: Ball 1-1: Called Strike 1-2: Ground out 1-3 (Groundball, 15)
|
Batting: RHB José Zumaya
|
0-0: Called Strike 0-1: Ball 1-1: Ground out 5-3 (Groundball, 5)
|
Batting: RHB Carlos Rodríguez
|
0-0: Called Strike 0-1: Ball 1-1: Fly out, F9 (Flyball, 9M)
|
Top of the 4th over - 0 run(s), 0 hit(s), 0 error(s), 0 left on base; Pueblo 1 - Ontario 1 |
BOTTOM OF THE 4TH |
Ontario Emus batting - Pitching for Pueblo Prairie Dogs : LHP William Romero
|
Batting: RHB Gustavo Medine
|
0-0: Foul Ball, location: 2F 0-1: Hit by Pitch
|
Batting: RHB Álex Martínez
|
0-0: Reached on error, E3 (Groundball, 3L) Gustavo Medine to second
|
Batting: SHB Darrel Lang
|
0-0: Called Strike 0-1: Ball 1-1: Foul Ball, location: 2F 1-2: Ball 2-2: Strikes out swinging
|
Batting: RHB Albert Galindo
|
0-0: Fielders Choice at 2nd, 6-4 (Groundball, 6) Gustavo Medine to third
|
Batting: RHB Júlio Colón
|
0-0: Ball 1-0: Ground out 5-3 (Groundball, 56)
|
Bottom of the 4th over - 0 run(s), 0 hit(s), 1 error(s), 2 left on base; Pueblo 1 - Ontario 1 |
TOP OF THE 5TH |
Pueblo Prairie Dogs batting - Pitching for Ontario Emus : RHP Alejandro Hernández
|
Batting: LHB William Romero
|
0-0: Ball 1-0: Swinging Strike 1-1: Foul Ball, location: 2F 1-2: Strikes out swinging
|
Batting: LHB Salvatorio Navegero
|
0-0: Reached on error, E6 (Groundball, 6M)
|
Batting: RHB Juan Guerrero
|
0-0: Called Strike 0-1: Called Strike 0-2: Strikes out looking
|
Batting: RHB António López
|
0-0: Foul Ball, location: 2F 0-1: Foul Ball, location: 2F 0-2: Strikes out swinging
|
Top of the 5th over - 0 run(s), 0 hit(s), 1 error(s), 1 left on base; Pueblo 1 - Ontario 1 |
BOTTOM OF THE 5TH |
Ontario Emus batting - Pitching for Pueblo Prairie Dogs : LHP William Romero
|
Batting: LHB Elvin Summers
|
0-0: Called Strike 0-1: Ball 1-1: Foul Ball, location: 2F 1-2: SINGLE (Line Drive, 56)
|
Batting: RHB Álex Ochoa
|
0-0: Ball 1-0: Ball 2-0: TRIPLE (Flyball, 7LM) Elvin Summers scores
|
Batting: RHB Ánibal Soto
|
0-0: Intentional Walk
|
Batting: RHB James Hunter
|
0-0: Ball 1-0: Ball 2-0: Foul Ball, location: 2F 2-1: Called Strike 2-2: Ball 3-2: Fielders Choice at 2nd, 1-4 (Groundball, 13S)
|
Batting: RHB Gustavo Medine
|
0-0: Grounds into double play, U4-3 (Groundball, 4)
|
Bottom of the 5th over - 1 run(s), 2 hit(s), 0 error(s), 1 left on base; Pueblo 1 - Ontario 2 |
TOP OF THE 6TH |
Pueblo Prairie Dogs batting - Pitching for Ontario Emus : RHP Alejandro Hernández
|
Batting: RHB Manny Herrera
|
0-0: Fly out, F9 (Flyball, 89M)
|
Batting: LHB Derrek Robinson
|
0-0: Called Strike 0-1: Swinging Strike 0-2: Ball 1-2: Strikes out swinging
|
Batting: RHB Currito Campos
|
0-0: Swinging Strike 0-1: Ball 1-1: Ground out 2-3 (Groundball, 2L)
|
Top of the 6th over - 0 run(s), 0 hit(s), 0 error(s), 0 left on base; Pueblo 1 - Ontario 2 |
BOTTOM OF THE 6TH |
Ontario Emus batting - Pitching for Pueblo Prairie Dogs : LHP William Romero
|
Batting: RHB Álex Martínez
|
0-0: Ball 1-0: Ground out 6-3 (Groundball, 6)
|
Batting: SHB Darrel Lang
|
0-0: Swinging Strike 0-1: Called Strike 0-2: Ball 1-2: Foul Ball, location: 2F 1-2: Foul Ball, location: 2F 1-2: Strikes out swinging
|
Batting: RHB Albert Galindo
|
0-0: Called Strike 0-1: Ball 1-1: Swinging Strike 1-2: Ball 2-2: Strikes out swinging
|
Bottom of the 6th over - 0 run(s), 0 hit(s), 0 error(s), 0 left on base; Pueblo 1 - Ontario 2 |
TOP OF THE 7TH |
Pueblo Prairie Dogs batting - Pitching for Ontario Emus : RHP Alejandro Hernández
|
Batting: RHB José Zumaya
|
0-0: Ball 1-0: Ground out 4-3 (Groundball, 4S)
|
Batting: RHB Carlos Rodríguez
|
0-0: Ball 1-0: Called Strike 1-1: Foul Ball, location: 2F 1-2: SINGLE (Line Drive, 7S)
|
Pitching: LHP José Aragón
|
|
Batting: LHB William Romero
|
0-0: Called Strike 0-1: Ball Wild Pitch! Carlos Rodríguez to second 1-1: Ball 2-1: Swinging Strike 2-2: Ball 3-2: Strikes out swinging
|
Pitching: LHP Albert Martin
|
|
Batting: LHB Salvatorio Navegero
|
0-0: Called Strike 0-1: Foul Ball, location: 2F 0-2: Ball 1-2: Ball 2-2: Strikes out swinging
|
Top of the 7th over - 0 run(s), 1 hit(s), 0 error(s), 1 left on base; Pueblo 1 - Ontario 2 |
BOTTOM OF THE 7TH |
Ontario Emus batting - Pitching for Pueblo Prairie Dogs : LHP William Romero
|
Pitching: LHP Enrique Hernández
|
|
Batting: RHB Júlio Colón
|
0-0: Ball 1-0: SINGLE (Groundball, 56D)
|
Pinch Hitting: RHB Vernon Sterling
|
0-0: Bunted foul 0-1: Sac Bunt - play at first, batter OUT! 1-4 Júlio Colón to second
|
Batting: RHB Álex Ochoa
|
0-0: Called Strike 0-1: Foul Ball, location: 2F 0-2: Ball 1-2: Reached on error, E5 (Groundball, 6S) Júlio Colón scores
|
Batting: RHB Ánibal Soto
|
0-0: Intentional Walk
|
Batting: RHB James Hunter
|
0-0: Ball 1-0: Ball 2-0: Foul Ball, location: 2F 2-1: Swinging Strike 2-2: Fly out, F7 (Flyball, 78XD) Runner from 2nd tags up, SAFE at 3rd, no throw
|
Batting: RHB Gustavo Medine
|
0-0: Swinging Strike 0-1: Swinging Strike 0-2: Fly out, F8 (Flyball, 8RM)
|
Bottom of the 7th over - 1 run(s), 1 hit(s), 1 error(s), 2 left on base; Pueblo 1 - Ontario 3 |
TOP OF THE 8TH |
Pueblo Prairie Dogs batting - Pitching for Ontario Emus : LHP Albert Martin
|
Now in LF: César Maldonado
|
|
Batting: RHB Juan Guerrero
|
0-0: Swinging Strike 0-1: Foul Ball, location: 2F 0-2: Ball 1-2: Ground out U3 (Groundball, 3)
|
Batting: RHB António López
|
0-0: Ball 1-0: Called Strike 1-1: Ball 2-1: Foul Ball, location: 2F 2-2: Ball 3-2: Base on Balls
|
Pitching: RHP Ánibal Hernández
|
|
Batting: RHB Manny Herrera
|
0-0: Called Strike 0-1: Swinging Strike 0-2: Foul Ball, location: 2F 0-2: Strikes out swinging
|
Pitching: LHP José Reyes
|
|
Batting: LHB Derrek Robinson
|
0-0: Swinging Strike 0-1: Foul Ball, location: 2F 0-2: Ball 1-2: Strikes out looking
|
Top of the 8th over - 0 run(s), 0 hit(s), 0 error(s), 1 left on base; Pueblo 1 - Ontario 3 |
BOTTOM OF THE 8TH |
Ontario Emus batting - Pitching for Pueblo Prairie Dogs : LHP Enrique Hernández
|
Batting: RHB Álex Martínez
|
0-0: SOLO HOME RUN (Flyball, 78XD), Distance : 431 ft
|
Batting: SHB Darrel Lang
|
0-0: Ball 1-0: Ball 2-0: Called Strike 2-1: Foul Ball, location: 2F 2-2: SINGLE (Flyball, 9LM)
|
Batting: RHB Albert Galindo
|
0-0: 2-RUN HOME RUN (Flyball, 7D), Distance : 404 ft
|
Pitching: RHP Nakamaro Uenohara
|
|
Batting: RHB Júlio Colón
|
0-0: Called Strike 0-1: Fly out, F7 (Flyball, 7M)
|
Batting: SHB César Maldonado
|
0-0: Called Strike 0-1: Fly out, F7 (Flyball, 7S)
|
Batting: RHB Álex Ochoa
|
0-0: Ball 1-0: Called Strike 1-1: Hit by Pitch
|
Batting: RHB Ánibal Soto
|
0-0: Ball 1-0: Called Strike Álex Ochoa steals 2nd base 1-1: Foul Ball, location: 2F 1-2: Foul Ball, location: 2F 1-2: Ball 2-2: Strikes out swinging
|
Bottom of the 8th over - 3 run(s), 3 hit(s), 0 error(s), 1 left on base; Pueblo 1 - Ontario 6 |
TOP OF THE 9TH |
Pueblo Prairie Dogs batting - Pitching for Ontario Emus : LHP José Reyes
|
Now at C: John Robertson
|
|
Now at 3B: Jack Crossey
|
|
Batting: RHB Currito Campos
|
0-0: Called Strike 0-1: Ball 1-1: Ball 2-1: Swinging Strike 2-2: Strikes out swinging
|
Batting: RHB José Zumaya
|
0-0: Ball 1-0: Foul Ball, location: 2F 1-1: Called Strike 1-2: Fly out, F7 (Line Drive, 7M)
|
Batting: RHB Carlos Rodríguez
|
0-0: DOUBLE (Line Drive, 7LM)
|
Batting: LHB William Romero
|
0-0: Ground out 6-3 (Groundball, 6M)
|
Top of the 9th over - 0 run(s), 1 hit(s), 0 error(s), 1 left on base; Pueblo 1 - Ontario 6 |
|